 Dungeon Crawl Stone Soup version 0.29.1-1-gd02db6906a (webtiles) character file.

Game seed: 11470413233140773142

873 Zeld the Chopper (level 7, -5/93 HPs)
             Began as a Minotaur Berserker on Oct 15, 2022.
             Was a Priest of Trog.
             Slain by a gnoll
             ... wielding a +0 halberd
             ... led by a gnoll bouda
              (7 damage)
             ... on level 5 of the Dungeon.
             The game lasted 00:03:54 (4505 turns).

Zeld the Chopper (Minotaur Berserker)               Turns: 4505, Time: 00:03:55

Health: -5/93      AC: 10    Str: 23    XL:     7   Next: 74%
Magic:  6/6        EV:  7    Int:  4    God:    Trog [***...]
Gold:   100        SH:  9    Dex: 10    Spells: 6/6 levels left

rFire   . . .      SeeInvis .   a - +2 war axe (venom)
rCold   . . .      Faith    .   n - +0 tower shield
rNeg    . . .      Spirit   .   b - +3 ring mail
rPois   .          Reflect  .   (helmet restricted)
rElec   .          Harm     .   (no cloak)
rCorr   +          Rampage  .   y - +0 pair of gloves
Will    .....                   (no boots)
Stlth   ..........              m - amulet of regeneration
HPRegen 1.05/turn               v - ring of resist corrosion
MPRegen 0.10/turn               (no ring)

@: berserking, weakened, very quick
A: horns 2, retaliatory headbutt
a: Renounce Religion, Berserk, Trog's Hand


You were on level 5 of the Dungeon.
You worshipped Trog.
Trog was most pleased with you.
You visited 1 branch of the dungeon, and saw 5 of its levels.

You collected 212 gold pieces.
You spent 112 gold pieces at shops.

Inventory:

Hand Weapons
 a - a +2 war axe of venom (weapon)
Armour
 b - a +3 ring mail (worn)
 n - a +0 tower shield (worn)
 y - a +0 pair of gloves (worn)
Jewellery
 m - an amulet of regeneration (around neck)
 v - a ring of resist corrosion (left hand)
 D - a +6 ring of strength
Wands
 t - a wand of polymorph (5)
 u - a wand of iceblast (9)
 B - a wand of flame (29)
Scrolls
 c - a scroll of poison {unknown}
 d - 3 scrolls of enchant armour {unknown}
 g - 10 scrolls of identify
 i - 2 scrolls of blinking {unknown}
 j - a scroll of torment {unknown}
 l - a scroll of noise {unknown}
 o - a scroll of summoning {unknown}
 p - a scroll of teleportation {unknown}
 w - a scroll of enchant weapon {unknown}
 z - a scroll of amnesia {unknown}
 C - a scroll of silence {unknown}
Potions
 e - 2 potions of attraction {unknown}
 f - a potion of brilliance {unknown}
 h - 3 potions of curing {unknown}
 k - a potion of lignification {unknown}
 q - 2 potions of heal wounds {unknown}
 r - a potion of degeneration {unknown}
 s - 2 potions of mutation {unknown}
 x - a potion of might {unknown}
 A - a potion of flight {unknown}


   Skills:
 + Level 5.9 Fighting
 * Level 7.6 Axes
 + Level 5.2 Armour
 + Level 4.7 Dodging


You had 6 spell levels left.
You didn't know any spells.
Your spell library was empty.

Dungeon Overview and Level Annotations

Branches:
Dungeon (5/15)
 Temple: D:4-7

Altars:
Qazlal
Trog
Xom

Shops:
D:1 :   D:3 [(?(


Innate Abilities, Weirdness & Mutations

You have a pair of horns on your head.
You reflexively headbutt those who attack you in melee.


Message History

* * * LOW HITPOINT WARNING * * *
You rip the net and break free!
You feel a strong urge to attack something.
You block the scorpion's attack. You block the gnoll's attack.
The gnoll hits you from afar with a +0 halberd.
* * * LOW HITPOINT WARNING * * *
The gnoll hits you with a +0 club.
* * * LOW HITPOINT WARNING * * *
The gnoll bouda gazes fiercely through you!
You feel your attacks grow feeble. You block the gnoll bouda's attack.
You slash the scorpion!
The scorpion is poisoned.
Your headbutt misses the scorpion.
The scorpion is heavily wounded.
You barely miss the gnoll bouda. You slash the gnoll!
You kill the gnoll!
Trog accepts your kill.
You hit the gnoll. You closely miss the gnoll. You block the gnoll's attack.
The scorpion stings you but does no damage.
The gnoll hits you but does no damage. You block the gnoll's attack.
The gnoll bouda hits you with a +0 club!
* * * LOW HITPOINT WARNING * * *
You slash the scorpion!
You kill the scorpion!
Trog accepts your kill.
You slash the gnoll bouda!
The gnoll bouda is poisoned.
You barely miss the gnoll. You closely miss the gnoll.
The gnoll hits you with a +0 whip.
* * * LOW HITPOINT WARNING * * *
You block the gnoll's attack. The gnoll barely misses you.
Unknown command.
You slice the gnoll!!
You feel the power of Trog in you as your rage grows.
You kill the gnoll!
Trog accepts your kill.
You hit the gnoll. You hit the gnoll bouda. You block the gnoll bouda's attack.
The gnoll hits you with a +0 whip.
* * * LOW HITPOINT WARNING * * *
The gnoll hits you from afar with a +0 halberd!
You die...

#...#..........
#.#............
###..............
#................
##...#...........#
#...####.........'
#####..###...........#
#......# #............
#...)@g# #............
#...g))# #..........##
#....g.# #.........##
#......# ####.#....###
#......# #.#..#....
#......# ###....#####
#......# #......# ##
#......# #......####.
#.......##..


You could see a gnoll bouda (very poisoned) and 2 gnolls.

Vanquished Creatures
  Sigmund (D:3)
  A water moccasin (D:5)
  A necrophage (D:4)
  2 scorpions
  A howler monkey (D:3)
  2 jellies (D:5)
  2 orc priests
  A hound (D:5)
  An iguana (D:4)
  2 orc wizards
  3 gnolls (D:5)
  7 adders
  2 worms
  2 dart slugs
  5 orcs
  4 endoplasms
  5 goblins
  4 hobgoblins
  8 jackals
  4 kobolds
  2 quokkas
  13 ball pythons
  4 bats
  2 frilled lizards (D:1)
  3 rats
82 creatures vanquished.

Vanquished Creatures (others)
  A wizard (D:3)
1 creature vanquished.

Grand Total: 83 creatures vanquished

Notes
Turn   | Place    | Note
-------+----------+-------------------------------------------
     0 | D:1      | Zeld the Minotaur Berserker began the quest for the Orb.
     0 | D:1      | Reached XP level 1. HP: 19/19 MP: 0/0
   109 | D:1      | Found a faded altar of an unknown god.
   246 | D:1      | Reached XP level 2. HP: 22/27 MP: 1/1
   307 | D:1      | Reached skill level 4 in Axes
   583 | D:1      | Found Viblyjec's Book Boutique.
  1198 | D:2      | Reached XP level 3. HP: 33/33 MP: 2/2
  1481 | D:2      | Reached ** piety under Trog
  1944 | D:3      | Reached XP level 4. HP: 40/40 MP: 3/3
  1944 | D:3      | Found a shimmering altar of Xom.
  1991 | D:3      | Found a bloodstained altar of Trog.
  1994 | D:3      | Noticed a wizard
  1998 | D:3      | Killed a wizard
  2085 | D:3      | Found Sasyga's Weapon Shoppe.
  2187 | D:3      | Found Esiofyf's Weapon Shoppe.
  2270 | D:3      | Identified the +3 ring mail of the Stone Wall {rCorr
                  | Stlth+}
  2432 | D:3      | Found Duho's Antique Armour Shoppe.
  2633 | D:3      | Found Cyac's Magic Scroll Shop.
  2642 | D:3      | Bought a scroll of identify for 28 gold pieces
  2642 | D:3      | Bought a scroll of identify for 28 gold pieces
  2642 | D:3      | Bought a scroll of identify for 28 gold pieces
  2684 | D:3      | Noticed Sigmund
  2920 | D:3      | Killed Sigmund
  2921 | D:3      | Reached skill level 5 in Axes
  2921 | D:3      | Reached XP level 5. HP: 47/47 MP: 4/4
  2959 | D:3      | Bought a scroll of identify for 28 gold pieces
  3020 | D:4      | Reached XP level 6. HP: 46/55 MP: 5/5
  3099 | D:4      | Reached skill level 5 in Fighting
  3099 | D:4      | Reached skill level 6 in Axes
  3911 | D:5      | Entered Level 5 of the Dungeon
  3916 | D:5      | Reached XP level 7. HP: 57/61 MP: 6/6
  3988 | D:5      | Reached *** piety under Trog
  4000 | D:5      | Identified the +9 rapier "Vemaisey" {freeze, rF+ rC- Str+6
                  | Int+9}
  4022 | D:5      | Reached skill level 7 in Axes
  4063 | D:5      | Reached skill level 5 in Armour
  4476 | D:5      | Found a stormy altar of Qazlal.
  4505 | D:5      | HP: 2/93 [gnoll/+0 whip[a gnoll bouda] (6)]
  4505 | D:5      | Slain by a gnoll

Illustrated notes

Levels and vault maps discovered:
D:1:      dpeg_arrival_chambers_temple_mockup, layout_rooms,
          chequers_ecumenical_altar_twisty, serial_shops,
          nicolae_shop_hallway_plus, minmay_small_reverse_x
D:2:      layout_loops_corners
D:3:      layout_loops_ring, trog_wizard, xom_teletrap_fun, serial_shops,
          nicolae_shop_hallway_stairs, shop, shop, nicolae_shop_window_shopping,
          uniq_sigmund
D:4:      layout_basic, chequers_serial_rivers_small_a
D:5:      layout_rooms, kennysheep_mini_moat

Skill      XL: |  1  2  3  4  5  6  7 |
---------------+----------------------+-----
Axes           | 4 5 6 7 |  7.6
Fighting       | 4 5 |  5.9
Armour         | 3 4 5 |  5.2
Dodging        | 3 4 |  4.7

Action                   |  1- 3 |  4- 6 |  7- 9 || total
-------------------------+-------+-------+-------++-------
Melee: Hand axe          |    62 |    13 |       ||    75
       Headbutt          |    10 |     7 |     2 ||    19
       War axe           |       |    56 |    33 ||    89
Invok: Berserk           |       |       |     1 ||     1
Armor: Animal skin       |     2 |       |       ||     2
       Ring mail         |    19 |    39 |    26 ||    84
Dodge: Dodged            |    35 |    24 |    15 ||    74
Block: Tower shield      |     8 |    40 |    26 ||    74
